Map: Deathaura LE

Players

Reynor

  • Race: Zerg Zerg
  • League: Master
  • Spawn Location: 5:00

LiquidClem (Clem) - Winner!

  • Race: Terran Terran
  • League: Master
  • Spawn Location: 11:00

Event: DreamHack SC2 Masters 2020 Fall

VOD

Have the link to the VOD?

Description

Time

  • Played on: Sept. 12, 2020, 3:21 p.m.
  • Length: 20:01

All games in this series

Show
View Real Time Build Order
Export as new Build Order

Reynor Zerg 

Build Orders: Hatch First, Muta Ling Bane 

Get SALT Encoding   

  12  0:00  Drone  
  13  0:11  Overlord  
  13  0:16  Drone  
  14  0:30  Drone x2  
  16  0:47  Hatchery  
  15  0:50  Drone  
  15  0:54  Drone  
  17  0:57  Drone  
  18  1:08  Extractor  
  17  1:12  Spawning Pool  
  17  1:15  Drone  
  17  1:19  Drone  
  18  1:27  Drone  
  19  1:38  Drone  
  20  1:49  Overlord  
  20  1:58  Queen  
  20  1:59  Zergling x4, Queen  
  26  2:09  Drone  
  26  2:10  Drone  
  26  2:12  Metabolic Boost  
  28  2:20  Drone x2  
  30  2:31  Drone  
  30  2:36  Queen x2  
  35  2:38  Drone  
  35  2:42  Overlord  
  36  2:47  Overlord  
  36  3:01  Drone x2  
  36  3:03  Drone x2  
  40  3:10  Drone  
  40  3:11  Drone x2  
  43  3:17  Drone x2  
  45  3:20  Drone  
  46  3:28  Hatchery, Lair  
  46  3:31  Drone  
  46  3:32  Drone  
  46  3:33  Drone  
  48  3:36  Overlord  
  48  3:39  Drone  
  48  3:40  Extractor  
  48  3:42  Baneling Nest  
  48  3:44  Drone  
  48  3:45  Drone  
  48  3:47  Drone  
  50  3:53  Drone x2  
  53  3:55  Drone, Extractor  
  53  3:56  Extractor  
  53  3:57  Queen  
  53  4:01  Drone x2  
  55  4:06  Drone  
  55  4:09  Zergling x2  
  57  4:11  Zergling x2  
  57  4:15  Overlord  
  57  4:16  Zergling x4  
  60  4:24  Overlord  
  60  4:26  Overseer  
  60  4:31  Spore Crawler, Spire  
  60  4:32  Drone x2  
  60  4:34  Zergling x4  
  60  4:36  Baneling x2  
  60  4:38  Baneling  
  62  4:42  Zergling x2  
  63  4:46  Drone x3  
  63  4:49  Queen  
  68  4:54  Drone x2  
  68  4:55  Drone  
  68  4:56  Drone  
  72  5:05  Zergling x4  
  74  5:10  Overlord  
  74  5:15  Overlord  
  74  5:21  Overlord  
  73  5:36  Spore Crawler  
  73  5:42  Mutalisk x6  
  71  5:48  Drone x5  
  86  5:56  Drone x2  
  86  5:57  Drone  
  89  6:01  Drone x5  
  92  6:04  Mutalisk x2  
  92  6:06  Drone  
  97  6:13  Overlord  
  97  6:25  Hatchery, Drone  
  97  6:26  Overlord  
  97  6:36  Drone x3  
  97  6:37  Drone x3  
  103  6:41  Mutalisk  
  103  6:43  Overlord  
  103  6:44  Overlord, Extractor  
  103  6:45  Drone x2, Extractor  
  103  6:46  Evolution Chamber x2  
  103  6:47  Drone x2  
  103  6:49  Centrifical Hooks  
  103  6:50  Zerg Flyer Weapons Level 1  
  103  6:52  Overlord  
  105  7:04  Mutalisk x2  
  105  7:06  Drone x6  
  115  7:08  Zergling x4  
  115  7:12  Zergling x2  
  118  7:16  Zerg Ground Armor Level 1  
  118  7:18  Zergling x4  
  118  7:21  Zerg Melee Weapons Level 1  
  118  7:22  Baneling x3  
  120  7:23  Zergling x2  
  120  7:24  Zergling x12  
  120  7:27  Overlord  
  127  7:32  Zergling x4  
  127  7:34  Baneling x7  
  129  7:43  Zergling x2  
  129  7:44  Zergling x8  
  134  7:50  Hatchery  
  133  7:51  Baneling x3  
  133  7:52  Baneling x4  
  133  7:53  Zergling x12  
  133  7:56  Zergling x6  
  141  8:00  Drone x2  
  141  8:01  Overlord  
  141  8:13  Zergling x6  
  141  8:15  Mutalisk  
  141  8:18  Drone x3  
  143  8:23  Zergling x14  
  143  8:26  Overlord  
  150  8:31  Baneling x6  
  150  8:34  Zergling x6  
  141  8:45  Zergling x24  
  141  8:46  Baneling x12  
  139  8:49  Zergling x4  
  139  8:50  Zergling x2  
  139  8:55  Zergling x10  
  145  8:59  Overlord  
  145  9:01  Zergling x8  
  148  9:04  Mutalisk  
  148  9:08  Mutalisk x2  
  154  9:12  Baneling x7  
  154  9:14  Zerg Ground Armor Level 2, Zerg Melee Weapons Level 2  
  154  9:18  Mutalisk  
  154  9:24  Zergling x14  
  162  9:28  Drone x3  
  163  9:31  Mutalisk x2  
  167  9:39  Overlord  
  167  9:45  Hatchery  
  160  9:49  Zergling x16  
  160  9:52  Baneling x11  
  149  9:53  Zergling x4  
  149  9:54  Zergling x4  
  149  9:55  Zergling x2  
  149  9:57  Zergling x2  
  150  10:02  Zergling x2  
  150  10:05  Zergling x2  
  150  10:06  Zergling x2  
  149  10:09  Zergling x2  
  138  10:15  Zergling x4  
  138  10:18  Baneling x6  
  138  10:19  Zergling x10, Baneling x3  
  142  10:24  Zergling x2  
  142  10:28  Mutalisk x2  
  141  10:33  Zergling x14  
  141  10:35  Baneling x12  
  149  10:38  Zergling x2  
  149  10:41  Zergling x2  
  151  10:44  Zergling x2  
  151  10:47  Mutalisk x2  
  151  10:48  Mutalisk  
  158  10:51  Zergling x2  
  158  10:52  Zergling x2  
  158  10:53  Zergling x2  
  161  10:58  Zergling x2  
  161  10:59  Baneling  
  161  11:00  Baneling x7  
  161  11:01  Drone  
  163  11:05  Zergling x10  
  163  11:07  Overlord  
  168  11:11  Overlord  
  168  11:15  Hatchery  
  168  11:18  Baneling x9  
  167  11:20  Zergling x2  
  160  11:25  Zergling x4  
  160  11:26  Zergling x12  
  162  11:36  Zergling x2  
  162  11:37  Zergling x4  
  162  11:39  Zergling x10  
  164  11:41  Zergling x2  
  166  11:47  Mutalisk x3  
  166  11:50  Zergling x6  
  166  11:52  Zergling x2  
  176  12:00  Zergling x2  
  175  12:01  Zergling x2  
  175  12:03  Zergling x2  
  175  12:05  Burrow  
  173  12:09  Overlord  
  173  12:11  Mutalisk x3  
  177  12:16  Baneling x8  
  177  12:21  Zergling x8  
  177  12:25  Overlord  
  177  12:26  Pneumatized Carapace  
  177  12:27  Overseer  
  177  12:28  Mutalisk  
  179  12:30  Zergling x2  
  179  12:34  Zergling x4, Hatchery  
  180  12:38  Zergling x12  
  180  12:41  Zergling x4  
  184  12:50  Zergling x8  
  177  13:02  Zergling x6  
  179  13:06  Zergling x12  
  179  13:10  Zergling x10  
  190  13:16  Zergling x2  
  175  13:22  Baneling x9  
  175  13:24  Zergling x6  
  173  13:30  Zergling x4  
  173  13:34  Baneling x8  
  175  13:35  Mutalisk  
  175  13:39  Mutalisk x3  
  175  13:40  Mutalisk  
  185  13:44  Overlord  
  185  13:53  Baneling x12  
  185  13:56  Zergling x12  
  185  13:57  Hatchery  
  185  13:59  Zerg Flyer Armor Level 1  
  190  14:06  Zergling x10  
  190  14:07  Zergling x2  
  196  14:11  Zergling x8  
  196  14:16  Zergling x8  
  189  14:21  Zergling x8  
  189  14:24  Zergling x4  
  188  14:36  Mutalisk x5  
  177  14:39  Mutalisk  
  177  14:42  Mutalisk  
  175  14:45  Mutalisk  
  175  14:48  Zergling x6  
  175  14:52  Zergling x4  
  180  14:54  Zergling x4  
  180  14:58  Zergling x6  
  185  15:05  Zergling x4  
  182  15:09  Zergling x2  
  182  15:10  Zergling x8  
  183  15:14  Zergling x6  
  183  15:20  Zergling x10  
  183  15:21  Zergling x2  
  189  15:23  Overlord  
  189  15:27  Zergling x4  
  191  15:30  Zergling x2  
  191  15:32  Zergling x2  
  191  15:34  Mutalisk  
  194  15:39  Zergling x2  
  194  15:41  Zergling x2  
  196  15:48  Zergling x6  
  197  15:52  Zergling x2  
  197  15:57  Zergling x2  
  183  16:01  Zergling x2  
  178  16:05  Mutalisk x2  
  178  16:10  Zergling x2  
  162  16:15  Mutalisk x2  
  156  16:22  Zergling x8  
  156  16:24  Infestation Pit  
  159  16:29  Hatchery  
  159  16:30  Baneling x16  
  159  16:31  Baneling x2  
  159  16:32  Mutalisk x3  
  164  16:34  Baneling  
  164  16:35  Baneling x7  
  164  16:37  Zergling x4  
  166  16:42  Zergling x4  
  166  16:47  Mutalisk  
  141  16:54  Zergling x4  
  141  16:55  Zergling x4  
  143  17:04  Zergling x8  
  145  17:14  Baneling x6  
  143  17:16  Zergling x2  
  144  17:26  Zergling x6  
  141  17:48  Hatchery  
  140  18:02  Mutalisk x4  
  140  18:03  Mutalisk  
  150  18:08  Mutalisk  
  152  18:18  Zergling x2  
  152  18:19  Zergling x12  
  158  18:32  Zergling x16  
  156  18:36  Zergling x6  
  158  18:44  Zergling x8  
  158  18:46  Zergling x4  
  155  18:51  Baneling  
  155  18:55  Zergling x12  
  141  19:00  Zergling x6  
  132  19:12  Baneling x10  
  132  19:15  Baneling x2  
  132  19:16  Baneling x5  
  130  19:17  Overseer  
  130  19:19  Baneling x4  
  130  19:20  Baneling x2  
  130  19:22  Zergling x6  
  133  19:25  Baneling  
  133  19:26  Baneling x4  
  133  19:27  Baneling x3  
  133  19:29  Zergling x2  
  127  19:38  Baneling x4  
  127  19:39  Zergling x14  
Show
View Real Time Build Order
Export as new Build Order

LiquidClem Terran - Winner!

Build Orders: Liberator Opening, Reaper Expand 

Get SALT Encoding   

  12  0:00  SCV  
  13  0:12  SCV  
  14  0:17  Supply Depot  
  14  0:24  SCV  
  15  0:38  SCV  
  15  0:40  Barracks  
  16  0:43  Refinery  
  16  0:50  SCV  
  17  1:02  SCV  
  18  1:14  SCV  
  19  1:27  Reaper, Orbital Command  
  20  1:38  Command Center  
  20  1:46  Supply Depot  
  20  1:52  SCV  
  21  1:58  Marine  
  22  2:04  SCV  
  23  2:10  Factory  
  23  2:15  Refinery  
  23  2:17  SCV  
  23  2:21  Barracks Reactor  
  24  2:29  SCV  
  25  2:41  SCV  
  26  2:50  Orbital Command  
  26  2:53  SCV  
  26  2:56  Starport  
  26  2:57  Marine x2  
  29  3:02  Hellion  
  29  3:05  SCV  
  32  3:16  SCV  
  32  3:17  SCV  
  34  3:24  Supply Depot  
  34  3:27  Marine  
  34  3:29  SCV, Hellion x2  
  34  3:30  SCV  
  34  3:33  Medivac  
  43  3:41  SCV  
  44  3:43  SCV  
  44  3:45  Marine  
  44  3:48  Supply Depot  
  46  3:50  Hellion  
  46  3:51  Hellion  
  46  3:53  SCV  
  51  3:55  SCV  
  52  4:05  SCV  
  52  4:07  Barracks Tech Lab  
  52  4:09  Liberator  
  56  4:11  SCV  
  56  4:12  Hellion x2  
  56  4:13  Supply Depot  
  56  4:15  Supply Depot  
  61  4:21  Command Center  
  61  4:22  SCV  
  62  4:29  Supply Depot  
  62  4:30  Stimpack  
  62  4:36  SCV x2, Marine  
  65  4:42  Barracks  
  65  4:44  Factory Tech Lab  
  65  4:45  Barracks  
  65  4:48  SCV  
  65  4:49  SCV  
  67  4:53  Supply Depot  
  67  4:54  Marine  
  67  4:56  Starport Reactor  
  68  5:00  SCV  
  68  5:01  SCV  
  68  5:04  Engineering Bay  
  68  5:05  Engineering Bay  
  70  5:11  Marine  
  70  5:12  SCV  
  72  5:15  Refinery  
  72  5:16  Refinery  
  72  5:19  SCV, Supply Depot  
  71  5:26  Supply Depot  
  71  5:29  Marine  
  71  5:30  Marine  
  71  5:31  Marine  
  71  5:33  Terran Infantry Weapons Level 1, Terran Infantry Armor Level 1  
  73  5:40  Marine x2  
  73  5:41  Orbital Command  
  73  5:42  Starport Reactor  
  75  5:43  SCV x2  
  75  5:47  Siege Tank  
  75  5:48  Marine  
  81  5:52  Marine x2  
  81  5:55  SCV x2  
  82  5:58  Marine  
  82  6:00  Marine  
  82  6:04  Orbital Command  
  84  6:07  SCV  
  84  6:08  Marine, Barracks  
  84  6:10  Marine  
  84  6:11  Barracks  
  87  6:13  Missile Turret  
  87  6:14  SCV  
  87  6:17  Marine x2  
  90  6:19  SCV  
  90  6:22  Missile Turret  
  90  6:24  Siege Tank  
  90  6:25  Marine  
  95  6:28  Marine  
  95  6:29  Marine  
  95  6:31  Combat Shield, Missile Turret  
  95  6:32  SCV  
  98  6:35  SCV, Marine x2  
  98  6:38  SCV  
  98  6:42  Marine  
  98  6:44  SCV  
  98  6:46  Marine  
  101  6:47  Marine  
  101  6:48  Supply Depot  
  101  6:49  Medivac  
  101  6:50  Medivac  
  101  6:51  SCV  
  101  6:53  SCV  
  108  6:57  Marine x2  
  108  6:58  Siege Tank  
  108  7:00  SCV, Marine  
  115  7:03  SCV  
  115  7:05  SCV  
  115  7:06  Supply Depot  
  117  7:09  Marine x2  
  117  7:12  SCV  
  117  7:15  Armory, Supply Depot, Marine  
  121  7:16  Barracks Reactor x2  
  121  7:18  Marine x2  
  121  7:21  SCV  
  124  7:25  SCV  
  124  7:27  Marine x2  
  126  7:32  Siege Tank  
  126  7:33  Marine  
  126  7:36  Marine  
  129  7:37  Supply Depot, Medivac  
  129  7:38  Medivac, Marine  
  134  7:45  Marine  
  134  7:48  Marine, Barracks  
  134  7:49  Barracks  
  134  7:50  Marine, Barracks  
  135  7:53  Marine  
  135  7:54  Marine x2  
  135  7:56  Marine x2  
  139  8:03  Supply Depot  
  139  8:04  Supply Depot, Marine x2, Siege Tank  
  144  8:05  Marine  
  144  8:08  Marine  
  146  8:13  Medivac  
  146  8:15  Marine  
  148  8:20  Supply Depot  
  148  8:22  Supply Depot  
  148  8:23  Marine  
  148  8:24  Supply Depot  
  148  8:25  Medivac, Marine x4  
  148  8:26  Marine  
  153  8:35  Marine  
  153  8:36  Marine, Siege Tank  
  153  8:38  Marine  
  147  8:42  Marine  
  147  8:43  Medivac  
  147  8:44  Marine  
  147  8:45  Marine  
  147  8:46  Marine x6  
  139  8:53  Marine  
  139  8:54  Marine  
  141  8:59  Marine  
  141  9:02  Marine  
  144  9:03  Marine x3  
  144  9:06  Medivac  
  144  9:07  Marine x2  
  144  9:08  Marine x2  
  144  9:09  Command Center, Widow Mine  
  154  9:10  Terran Infantry Weapons Level 2  
  154  9:15  Terran Infantry Armor Level 2  
  154  9:16  Marine x3  
  157  9:20  Marine  
  157  9:21  Marine  
  157  9:22  Marine x2  
  157  9:23  Marine  
  162  9:24  Marine  
  162  9:25  Marine  
  162  9:26  Marine  
  162  9:31  Marine  
  165  9:34  Siege Tank  
  165  9:35  Supply Depot, Marine x2  
  168  9:47  Marine x2  
  168  9:49  Medivac  
  168  9:50  Marine x2  
  156  9:52  Marine  
  156  9:53  Marine  
  156  9:55  Marine x2  
  156  9:56  Marine x3  
  156  9:57  Marine  
  158  10:05  Marine x2  
  158  10:07  Siege Tank  
  157  10:08  Marine x2  
  157  10:10  Marine  
  157  10:11  Marine  
  157  10:13  Marine x3  
  149  10:14  Marine x3  
  149  10:15  Medivac  
  151  10:22  Marine  
  151  10:23  Missile Turret, Marine  
  151  10:25  Marine  
  151  10:26  Marine  
  151  10:28  Marine  
  146  10:29  Marine  
  146  10:31  Marine x3  
  146  10:34  Marine x2  
  153  10:36  Marine  
  153  10:39  SCV x3, Siege Tank  
  153  10:40  Marine  
  161  10:44  Marine x2  
  161  10:45  Marine  
  164  10:51  SCV x2, Marine  
  164  10:56  Planetary Fortress  
  167  10:57  Missile Turret, Marine x3  
  167  10:59  Marine x2  
  167  11:01  Marine  
  167  11:03  Marine x2  
  175  11:04  Marine  
  175  11:09  Marine  
  176  11:12  Marine x2  
  176  11:13  Siege Tank  
  176  11:15  Marine  
  182  11:18  Marine  
  182  11:19  Marine  
  182  11:24  Marine x3  
  180  11:25  Marine x2  
  180  11:26  Marine  
  180  11:27  Marine  
  180  11:30  Marine x2  
  180  11:33  Marine  
  180  11:36  Marine x2  
  174  11:40  SCV  
  174  11:42  Marine x3  
  174  11:43  Marine x3  
  174  11:45  Marine, Siege Tank  
  182  11:48  Marine x2  
  182  11:50  Marine  
  182  11:51  SCV  
  186  11:54  Marine x2  
  186  11:59  Marine  
  186  12:00  Terran Infantry Weapons Level 3, Missile Turret, Marine x2  
  189  12:01  Marine x3  
  189  12:03  Marine  
  189  12:04  SCV x3  
  189  12:05  Missile Turret  
  189  12:06  Marine x2  
  196  12:08  Marine  
  196  12:10  SCV  
  196  12:12  Marine x2  
  197  12:18  Siege Tank  
  200  12:23  Command Center  
  200  12:24  Missile Turret  
  200  12:27  Missile Turret  
  200  12:30  Barracks Tech Lab x3  
  200  12:36  Refinery  
  198  12:37  Refinery  
  198  12:38  SCV  
  198  12:39  SCV  
  199  12:49  Marine  
  200  12:56  Siege Tank  
  200  12:57  Marine x2  
  196  12:58  Marine x2  
  196  12:59  Marauder  
  196  13:01  Marine x3  
  196  13:02  Marine  
  197  13:08  Marine x2  
  191  13:14  Marine x2  
  191  13:15  Marine  
  191  13:16  Marine x2  
  191  13:19  Marine x5  
  174  13:24  SCV x2  
  174  13:25  SCV, Marine  
  174  13:26  Marine  
  175  13:28  SCV, Siege Tank  
  175  13:32  Marine x3  
  182  13:34  Marine x2  
  182  13:37  Marine x5  
  189  13:42  Medivac  
  189  13:43  Marine x2  
  193  13:50  Marine x3  
  193  13:52  Medivac, Marine x2  
  193  13:54  Armory  
  200  13:57  Missile Turret  
  200  13:58  Missile Turret  
  200  14:01  Marine  
  200  14:11  Command Center  
  200  14:16  Siege Tank  
  185  14:26  Marauder, Marine  
  185  14:30  Marine  
  180  14:32  Marauder  
  167  14:39  Marine x2  
  167  14:41  Reaper x2  
  167  14:43  Orbital Command  
  165  14:45  Marine x3  
  165  14:48  Siege Tank  
  165  14:49  SCV  
  168  14:53  Marine x2  
  168  14:54  Marine  
  168  14:58  Marine x2  
  169  15:01  Marine x2  
  169  15:03  Marine x2  
  162  15:07  SCV x2  
  162  15:09  Marine  
  162  15:10  Command Center  
  162  15:11  Marine  
  163  15:16  Marauder  
  163  15:20  Marine, Siege Tank  
  169  15:24  SCV  
  169  15:25  SCV x3  
  172  15:28  Marine  
  172  15:33  Marine x2  
  172  15:34  Marine x4  
  175  15:36  SCV  
  175  15:39  SCV  
  176  15:45  SCV x2  
  176  15:48  Marauder  
  180  15:51  Marine  
  180  15:52  Marine, Siege Tank  
  179  16:00  Marine x3  
  148  16:13  Marauder, Marine x2  
  148  16:14  Marine x3  
  148  16:17  SCV x2  
  153  16:23  Marauder, Marine x4  
  153  16:24  Marine  
  160  16:27  Orbital Command  
  160  16:31  Marine  
  161  16:33  Widow Mine  
  161  16:38  Marine x2  
  163  16:43  Marine  
  163  16:44  Marine x7  
  163  16:47  Marine  
  168  16:51  Marine  
  164  16:55  SCV x2  
  164  16:57  Marine  
  164  17:00  SCV x2  
  167  17:02  Marauder  
  167  17:07  SCV  
  170  17:09  Widow Mine  
  170  17:10  Marine  
  170  17:11  Marine  
  170  17:13  SCV, Marine  
  176  17:18  Missile Turret  
  176  17:20  SCV  
  177  17:25  Marine  
  177  17:28  Marine  
  177  17:29  Marine x2  
  180  17:32  Marine x2  
  180  17:35  Medivac  
  180  17:36  Marine x3, Widow Mine  
  187  17:37  Marine  
  187  17:41  Marine x2  
  187  17:43  Marine  
  191  17:46  Marine  
  191  17:47  Marine  
  191  17:49  Marine  
  191  17:50  Marine x2  
  196  17:54  Planetary Fortress, Marine x2  
  196  17:57  Marine x2  
  199  17:58  Marine  
  199  18:03  Marine  
  200  18:10  SCV x2, Missile Turret  
  200  18:16  Marine  
  200  18:18  Marine x2  
  200  18:19  Widow Mine  
  196  18:20  Marine  
  196  18:24  SCV, Marine  
  195  18:32  Marine x2  
  195  18:33  Marine  
  196  18:34  Medivac  
  196  18:36  Marauder  
  199  18:43  Marine  
  199  18:44  Marine  
  197  18:53  Siege Tank  
  197  18:54  Marine x3  
  197  18:55  Marine x3  
  176  18:57  Marine x3  
  176  19:01  Marine  
  176  19:02  Marine  
  158  19:03  Liberator  
  161  19:12  Marine x4  
  161  19:13  Marine  
  161  19:14  Command Center  
  162  19:17  Marine  
  162  19:19  Medivac  
  162  19:23  SCV x2  
  167  19:24  Refinery, Marine x3  
  167  19:25  Refinery  
  167  19:29  Widow Mine  
  158  19:39  Marine x2  
  158  19:40  Marine  
  158  19:43  Marine  
  158  19:44  SCV  
  149  19:48  SCV x2  

Tags
 
Add a new tag
Caveats
  • Supply blocks, unpowered buildings, or Contaminate may cause inaccurate times.
  • Supply counts are checked every 10 seconds.